 Dungeon Crawl Stone Soup version 0.21.1-1-g345015f (webtiles) character file.

20731 Oliver1799 the Basher (level 12, -16/106 HPs)
             Began as a Minotaur Fighter on June 9, 2018.
             Was a High Priest of Trog.
             Demolished by Sonja
             ... wielding a +1 short sword of distortion
              (22 damage)
             ... on level 2 of the Orcish Mines.
             The game lasted 01:16:36 (13755 turns).

Oliver1799 the Basher (Minotaur Fighter)           Turns: 13755, Time: 01:16:37

Health: -16/106    AC: 21    Str: 29    XL:     12   Next: 48%
Magic:  11/11      EV:  6    Int:  5    God:    Trog [*****.]
Gold:   1467       SH: 20    Dex: 10    Spells: 11/11 levels left

rFire    . . .     SeeInvis .   L - +0 hand axe (elec)
rCold    . . .     Gourm    .   S - +0 large shield
rNeg     . . .     Faith    +   F - +0 plate armour
rPois    .         Spirit   .   (helmet restricted)
rElec    .         Reflect  .   s - +2 cloak
rCorr    .         Harm     .   h - +0 pair of gloves
MR       .....                  H - +0 pair of boots
Stlth    ..........             g - amulet of faith
HPRegen  0.27/turn              E - +3 ring of strength
MPRegen  0.12/turn              Q - +1 ring of evasion

@: no status effects
A: retaliatory headbutt, horns 2
a: Berserk, Trog's Hand, Brothers in Arms, Burn Spellbooks, Renounce Religion


You were on level 2 of the Orcish Mines.
You worshipped Trog.
Trog was extremely pleased with you.
You were not hungry.

You visited 4 branches of the dungeon, and saw 16 of its levels.

You collected 1686 gold pieces.
You spent 219 gold pieces at shops.

Inventory:

Hand Weapons
 b - a +3 flail of venom
 q - a +0 blowgun
 t - a +3 quarterstaff of chaos
 L - a +0 hand axe of electrocution (weapon)
Missiles
 r - 55 poisoned needles
 v - 258 stones
 R - 2 exploding tomahawks (quivered)
Armour
 a - a +1 chain mail of cold resistance
 c - a +0 shield
 h - a +0 pair of gloves (worn)
 s - a +2 cloak (worn)
 F - a +0 plate armour (worn)
 H - a +0 pair of boots (worn)
 S - a +0 large shield (worn)
 T - a +1 chain mail of fire resistance
Jewellery
 g - an amulet of faith (around neck)
 w - an uncursed ring of protection from cold
 D - an uncursed ring of stealth
 E - a +3 ring of strength (left hand)
 I - an uncursed ring of protection from magic
 N - an uncursed ring of flight
 Q - a +1 ring of evasion (right hand)
Wands
 i - a wand of flame (51)
 m - a wand of random effects (57)
 u - a wand of acid (11)
 J - a wand of disintegration (32)
Scrolls
 j - 4 scrolls of teleportation
 k - a scroll of amnesia
 l - 3 scrolls of magic mapping
 y - a scroll of fog
 C - a scroll of holy word
 K - 2 scrolls of remove curse
 P - 2 scrolls of blinking
Potions
 d - 3 potions of might
 e - 4 potions of curing
 n - 2 potions of lignification
 o - 2 potions of resistance
 p - 2 potions of agility
 x - 3 potions of haste
 A - 2 potions of brilliance {unknown}
 B - a potion of berserk rage
 G - a potion of magic {unknown}
 M - 2 potions of mutation
 O - a potion of invisibility {unknown}
Comestibles
 f - 21 rations


   Skills:
 + Level 10.1 Fighting
 * Level 4.0(10.1) Axes
 - Level 14.0(14.2) Maces & Flails
 + Level 1.1 Throwing
 + Level 11.6 Armour
 + Level 1.6 Stealth
 + Level 13.5 Shields


You had 11 spell levels left.
You didn't know any spells.

Dungeon Overview and Level Annotations

Branches:
Dungeon (12/15)            Temple (1/1) D:5             Orc (2/2) D:10
    Elf (1/3) Orc:2
   Lair: D:8-11

Altars:
Kikubaaqudgha
Trog
Uskayaw
Vehumet
Beogh

Shops:
D:5 =   D:6 (   D:7 [   D:11 (   Orc:2 }}}(

Annotations:
D:5 exclusion: statue
Orc:2 Sonja


Innate Abilities, Weirdness & Mutations

You reflexively headbutt those who attack you in melee.
You have a pair of horns on your head.


Message History

Aiming: Throw Flame
Press: ? - help, Shift-Dir - straight line, f - Sonja
Aim: Sonja, wielding a short sword of distortion (moderately wounded)
The puff of flame misses Sonja.
Evoke which item? (* to show all) (? for menu, Esc to quit)
Aiming: Throw Flame
Press: ? - help, Shift-Dir - straight line, f/p - Sonja
Aim: Sonja, wielding a short sword of distortion (moderately wounded)
The puff of flame hits Sonja.
Sonja is heavily wounded.
Sonja shouts, "Hah!
Missed me again!"
You closely miss Sonja. Your headbutt misses Sonja.
Sonja is heavily wounded.
You block Sonja's attack. x3; Sonja hits you but does no damage.
Space warps horribly around you!
* * * LOW HITPOINT WARNING * * *
Sonja hits you but does no damage. Space warps horribly around you!
* * * LOW HITPOINT WARNING * * *
Sonja hits you but does no damage. Space warps horribly around you!
You die...

..........#....#.#.##
#......)###.........#
##[.....# ##.......##
[.#....## #...#.###
......######..####
[......##.#...#.##
....#.##...#.....#
.......#...#....####
...............#@..###
..#....#........K....##
.............#........#
..............#....#.##
...............#....##
.............).##...#
................#...#
...........#.>...#.##
...........#......##


You could see Sonja.

Vanquished Creatures
  Harold (D:10)
  A hydra (D:9)
  3 two-headed ogres
  An orc high priest (Orc:2)
  The ghost of 4thArraOfDagon the Geomancer, a novice DDNe of Makhleb (Orc:2)
  2 unseen horrors
  4 orc knights
  A manticore (D:9)
  A deep elf mage (Orc:2)
  2 orc sorcerers
  A centaur skeleton (D:10)
  The ghost of CptBowmore the Chopper, an amateur HOBe of Trog (D:5)
  5 trolls
  2 hornets
  A hippogriff (D:7)
  A spriggan (D:8)
  A wyvern (D:9)
  6 yaks (D:9)
  A vampire (D:10)
  A hungry ghost (D:8)
  2 wargs
  21 orc warriors
  A black bear (D:7)
  An ice beast (D:5)
  3 sky beasts
  11 ogres
  2 phantoms
  3 centaurs
  2 big kobolds (D:9)
  3 bullfrogs
  2 wyvern zombies
  3 scorpions
  3 killer bees (D:9)
  7 wights
  5 crimson imps
  3 centaur zombies
  4 hounds
  A jelly (D:5)
  9 orc priests
  Crazy Yiuf (D:3)
  11 orc wizards
  3 iguanas
  Ijyb (D:3)
  7 worker ants
  A killer bee zombie (D:5)
  A hound skeleton (D:4)
  A howler monkey zombie (D:9)
  2 worker ant zombies
  12 adders
  8 gnolls
  A shadow imp (D:6)
  An ooze (D:4)
  2 adder skeletons
  5 worms
  A dart slug (D:1)
  7 leopard geckos
  65 orcs
  5 bat zombies (D:7)
  3 giant cockroaches
  5 goblins
  9 hobgoblins
  6 jackals
  24 kobolds
  4 quokkas
  2 ball pythons
  6 bats
  6 frilled lizards
  A jackal skeleton (D:7)
  A leopard gecko skeleton (D:6)
  4 rats
329 creatures vanquished.

Vanquished Creatures (collateral kills)
  2 orc high priests (Orc:2)
  2 orc knights (Orc:2)
  2 orc sorcerers (Orc:2)
  A wyvern (D:10)
  An orc warrior (Orc:2)
  An orc priest (Orc:2)
  A bullfrog skeleton (D:9)
10 creatures vanquished.

Vanquished Creatures (others)
  An orc priest (Orc:2)
  An orc wizard (Orc:2)
2 creatures vanquished.

Grand Total: 341 creatures vanquished

Notes
Turn   | Place    | Note
-------+----------+-------------------------------------------
     0 | D:1      | Oliver1799 the Minotaur Fighter began the quest for the Orb.
     0 | D:1      | Reached XP level 1. HP: 19/19 MP: 0/0
    75 | D:1      | Reached XP level 2. HP: 27/27 MP: 1/1
   220 | D:1      | Reached skill level 3 in Maces & Flails
   244 | D:1      | Reached XP level 3. HP: 33/33 MP: 2/2
   654 | D:3      | Noticed Ijyb
   667 | D:3      | Killed Ijyb
   667 | D:3      | Reached XP level 4. HP: 31/40 MP: 3/3
  1385 | D:3      | Reached skill level 4 in Maces & Flails
  1718 | D:3      | Reached XP level 5. HP: 43/46 MP: 4/4
  1806 | D:3      | Found a bloodstained altar of Trog.
  1811 | D:3      | Found a hide-covered altar of Uskayaw.
  1853 | D:3      | Became a worshipper of Trog the Wrathful
  1945 | D:4      | Reached skill level 5 in Armour
  2006 | D:3      | Found a runed door.
  2010 | D:3      | Noticed Crazy Yiuf
  2013 | D:3      | Killed Crazy Yiuf
  2060 | D:3      | Reached skill level 5 in Maces & Flails
  2443 | D:4      | Noticed an ogre
  2448 | D:4      | Killed an ogre
  2448 | D:4      | Reached XP level 6. HP: 52/52 MP: 5/5
  2528 | D:4      | Reached skill level 6 in Maces & Flails
  2528 | D:4      | Reached skill level 5 in Shields
  2626 | D:4      | Reached XP level 7. HP: 39/60 MP: 6/6
  2863 | D:4      | Reached * piety under Trog
  2918 | D:4      | Reached skill level 7 in Maces & Flails
  3101 | D:5      | Entered Level 5 of the Dungeon
  3170 | D:5      | Found a radiant altar of Vehumet.
  3244 | D:6      | Found Xatipyntic's Weapon Shoppe.
  3374 | D:5      | Found Duus's Jewellery Shop.
  3382 | D:5      | Bought a +3 ring of strength for 219 gold pieces
  3440 | D:5      | Reached skill level 8 in Maces & Flails
  3517 | D:5      | Noticed CptBowmore's ghost (amateur HOBe)
  3530 | D:5      | Killed CptBowmore's ghost
  3530 | D:5      | Reached skill level 5 in Fighting
  3530 | D:5      | Reached XP level 8. HP: 51/68 MP: 7/7
  3542 | D:5      | Noticed a two-headed ogre
  3571 | D:5      | Found a staircase to the Ecumenical Temple.
  3589 | Temple   | Entered the Ecumenical Temple
  3607 | D:5      | Reached skill level 9 in Maces & Flails
  4027 | D:6      | Reached skill level 10 in Maces & Flails
  4142 | D:6      | Reached ** piety under Trog
  4817 | D:7      | Reached XP level 9. HP: 75/75 MP: 8/8
  4918 | D:7      | Found Tavaxug's Antique Armour Emporium.
  5051 | D:7      | Reached skill level 11 in Maces & Flails
  5396 | D:7      | Found an ancient bone altar of Kikubaaqudgha.
  5668 | D:8      | Reached skill level 1 in Stealth
  5783 | D:8      | Noticed a two-headed ogre
  5798 | D:8      | Killed a two-headed ogre
  6001 | D:7      | Reached skill level 12 in Maces & Flails
  6166 | D:8      | Killed an unseen horror
  6166 | D:8      | Reached XP level 10. HP: 35/84 MP: 9/9
  6653 | D:9      | Reached *** piety under Trog
  6655 | D:10     | Entered Level 10 of the Dungeon
  6692 | D:9      | Noticed a two-headed ogre
  6701 | D:9      | Killed a two-headed ogre
  6701 | D:9      | Reached skill level 13 in Maces & Flails
  6771 | D:9      | Noticed a two-headed ogre
  6776 | D:9      | Killed a two-headed ogre
  6918 | D:9      | Reached skill level 14 in Maces & Flails
  7270 | D:9      | Reached XP level 11. HP: 78/92 MP: 10/10
  7311 | D:9      | Reached **** piety under Trog
  7425 | D:9      | Noticed a five-headed hydra
  7447 | D:9      | Killed a five-headed hydra
  7473 | D:9      | Reached skill level 1 in Throwing
  7473 | D:9      | Reached skill level 10 in Armour
  7873 | D:9      | Reached skill level 10 in Shields
  8003 | D:9      | You fall through a shaft for 3 floors!
  8034 | D:12     | Killed an unseen horror
  8264 | D:11     | Found Munuwoff's Antique Weapon Shoppe.
  8685 | D:10     | Reached ***** piety under Trog
  8715 | D:10     | Found a roughly hewn altar of Beogh.
  9143 | D:10     | Found a staircase to the Orcish Mines.
  9161 | Orc:1    | Entered Level 1 of the Orcish Mines
  9216 | Orc:1    | Noticed an orc knight
  9216 | Orc:1    | Noticed an orc sorcerer
  9491 | D:10     | Killed an orc knight
  9569 | Orc:1    | Noticed Harold
 10401 | D:10     | Killed Harold
 10448 | D:10     | Killed an orc sorcerer
 10520 | Orc:1    | Noticed an orc knight
 10543 | Orc:1    | Killed an orc knight
 10877 | Orc:1    | Reached XP level 12. HP: 102/105 MP: 11/11
 10886 | Orc:2    | Entered Level 2 of the Orcish Mines
 11080 | Orc:2    | Noticed Sonja
 11496 | Orc:2    | Reached ****** piety under Trog
 11678 | Orc:2    | Found a staircase to the Elven Halls.
 11686 | Elf:1    | Entered Level 1 of the Elven Halls
 11717 | Orc:2    | Noticed 4thArraOfDagon's ghost (novice DDNe)
 11735 | Orc:2    | Killed 4thArraOfDagon's ghost
 11735 | Orc:2    | Reached skill level 1 in Axes
 11770 | Orc:2    | Paralysed by an orc sorcerer for 5 turns
 12401 | Orc:2    | Noticed an orc high priest
 12430 | Orc:2    | Noticed an orc high priest
 12435 | Orc:2    | Killed an orc high priest
 12441 | Orc:2    | Killed an orc high priest
 12441 | Orc:2    | Reached skill level 10 in Fighting
 12465 | Orc:2    | Noticed an orc high priest
 12471 | Orc:2    | Killed an orc high priest
 12472 | Orc:2    | Found Bojues's Gadget Shoppe.
 12472 | Orc:2    | Found Qoanank's Gadget Shop.
 12475 | Orc:2    | Found Bajewn's Antique Weapon Shoppe.
 12475 | Orc:2    | Found Domil's Gadget Shop.
 13222 | Orc:2    | HP: 4/106 [Sonja/uncursed short sword of distortion (12)]
 13755 | Orc:2    | Demolished by Sonja

Skill      XL: |  1  2  3  4  5  6  7  8  9 10 11 12 |
---------------+-------------------------------------+-----
Maces & Flails | 3 4 5 6 8 10 12 14 | 14.0
Shields        | 4 5 6 7 9 12 13 | 13.5
Armour         | 4 5 6 7 8 9 11 | 11.6
Fighting       | 4 5 6 7 9 10 | 10.1
Stealth        | 1 |  1.6
Throwing       | 1 |  1.1
Axes           | 4 |  4.0

Action                   |  1- 3 |  4- 6 |  7- 9 | 10-12 || total
-------------------------+-------+-------+-------+-------++-------
Melee: Flail             |    76 |   144 |   281 |   568 ||  1069
       Headbutt          |    11 |    18 |    55 |   160 ||   244
       Hand axe          |       |       |       |    95 ||    95
Throw: Stone             |       |       |     5 |     4 ||     9
Invok: Burn Spellbooks   |       |       |     2 |     3 ||     5
       Brothers in Arms  |       |       |       |     3 ||     3
Evoke: Box of beasts     |       |       |       |     1 ||     1
       Wand              |       |       |       |     2 ||     2
  Use: Scroll            |       |     5 |    10 |    12 ||    27
       Potion            |       |       |       |     2 ||     2
  Eat: Chunk             |       |     6 |     8 |    18 ||    32
       Ration            |       |       |     2 |     2 ||     4
Armor: Scale mail        |    52 |    63 |    94 |   116 ||   325
       Plate armour      |       |       |       |    72 ||    72
Dodge: Dodged            |    29 |    33 |    70 |   114 ||   246
Block: Shield            |    38 |    74 |   138 |   166 ||   416
       Large shield      |       |       |       |   284 ||   284
